 Dungeon Crawl Stone Soup version 0.23-a0-370-gf497b7c (webtiles) character file.

81 emperorscorpion the Charmwright (level 4, -2/23 HPs)
             Began as a Vine Stalker Skald on Oct 24, 2018.
             Slain by a river rat (4 damage)
             ... in a sewer.
             The game lasted 00:06:12 (1401 turns).

emperorscorpion the Charmwright (VSSk)              Turns: 1401, Time: 00:06:12

Health: -2/23      AC:  3    Str: 13    XL:     4   Next: 40%
Magic:  0/8        EV: 12    Int: 13    God:
Gold:   45         SH:  0    Dex: 15    Spells: 4/8 levels left

rFire    . . .     SeeInvis .   a - +0 short sword
rCold    . . .     Gourm    .   (no shield)
rNeg     . . .     Faith    .   i - +0 leather armour
rPois    .         Spirit   +   (no helmet)
rElec    .         Reflect  .   h - scarf {cloud immunity}
rCorr    .         Harm     .   (no gloves)
MR       .....                  (no boots)
Stlth    ++........             f - amulet of magic regeneration
HPRegen  0.47/turn              (no ring)
MPRegen  0.36/turn              (no ring)

@: no status effects
A: fangs 2, regeneration 1, magic shield, antimagic bite, no potion heal 3, rot
immunity
a: no special abilities


You were in a sewer.
You were not hungry.

You visited 1 branch of the dungeon, and saw 3 of its levels.
You also visited: Sewer.

You collected 45 gold pieces.

Inventory:

Hand Weapons
 a - a +0 short sword (weapon)
 b - a +0 blowgun
Missiles
 c - 39 poisoned needles
 l - 8 curare-tipped needles
Armour
 h - a scarf of cloud immunity (worn)
 i - a +0 leather armour (worn)
Jewellery
 f - an amulet of magic regeneration (around neck)
Scrolls
 e - a scroll of teleportation
Potions
 j - 3 potions of brilliance
 k - a potion of curing {unknown}
 m - 2 potions of heal wounds {unknown}
 n - a potion of agility {unknown}
 o - a potion of might {unknown}
Comestibles
 d - a ration
 g - 2 chunks of flesh


   Skills:
 + Level 2.1 Fighting
 + Level 2.2 Short Blades
 + Level 1.1 Armour
 + Level 2.1 Dodging
 * Level 1.6 Stealth
 * Level 2.5 Spellcasting
 * Level 0.4 Conjurations
 + Level 3.1 Charms
 * Level 0.4 Air Magic
 * Level 0.2 Poison Magic


You had 4 spell levels left.
You knew the following spells:

 Your Spells              Type           Power        Failure   Level  Hunger
a - Infusion              Chrm           #...         9%          1    #......
b - Mephitic Cloud        Conj/Pois/Air  #.......     61%         3    ###....

Your spell library contained the following spells:

 Spells                   Type           Power        Failure   Level  Hunger
 Song of Slaying          Chrm           #.......     13%         2    ###....
 Shroud of Golubria       Chrm/Tloc      #.........   24%         2    ###....
 Magic Dart               Conj           #...         26%         1    #......
 Blink                    Tloc           N/A          43%         2    ###....
 Call Imp                 Summ           #.......     43%         2    ###....
 Slow                     Hex            #.......     43%         2    ###....
 Regeneration             Chrm/Necr      #.........   43%         3    ###....
 Spectral Weapon          Hex/Chrm       #.......     43%         3    ###....
 Conjure Flame            Conj/Fire      #.......     63%         3    ###....


Dungeon Overview and Level Annotations

Branches:
Dungeon (3/15)

Altars:


Innate Abilities, Weirdness & Mutations

You have extremely sharp teeth.
Your natural rate of healing is unusually fast.
When hurt, damage is shared between your health and your magic reserves.
Your bite disrupts and absorbs the magic of your enemies.
Potions cannot restore your health.
You are immune to rotting.


Message History

The rat bites you but does no damage.
You hit the river rat.
You bite the river rat, but do no damage.
The river rat is severely wounded.
The river rat bites you. The rat closely misses you.
You barely miss the river rat.
The river rat is severely wounded.
The river rat bites you.
* * * LOW HITPOINT WARNING * * *
The rat misses you.
You barely miss the river rat.
The river rat is severely wounded.
The river rat bites you.
* * * LOW HITPOINT WARNING * * *
The rat bites you but does no damage.
You barely miss the river rat.
You bite the river rat, but do no damage.
The river rat is severely wounded.
The river rat bites you.
You die...

# ≈# ≈# ≈≈# ##########≈≈#
### ######..#..#..#≈≈#
..### ##....(..#@....#≈≈#
.÷..###........rr...##≈≈#
....÷..........#)....#≈≈#
##...........≈≈#..#..#≈≈#
####......##..≈#######≈≈#
.##....≈≈##≈≈≈≈≈# ≈≈#
÷.≈.≈...≈≈≈≈≈≈≈#≈# ≈#
≈..≈≈≈≈≈≈≈≈≈≈≈≈≈#≈# ≈#
≈≈≈≈≈≈≈≈≈≈≈≈≈≈≈#≈#≈# #


You could see a river rat and a rat.

Vanquished Creatures
  A river rat (Sewer)
  2 adders (Sewer)
  A worm (D:3)
  2 goblins
  6 hobgoblins
  13 kobolds
  2 quokkas
  A ball python (Sewer)
  3 bats
  4 frilled lizards
  23 rats
58 creatures vanquished.

Notes
Turn   | Place    | Note
-------+----------+-------------------------------------------
     0 | D:1      | emperorscorpion the Vine Stalker Skald began the quest for
                  | the Orb.
     0 | D:1      | Reached XP level 1. HP: 11/11 MP: 4/4
    54 | D:1      | Reached XP level 2. HP: 11/15 MP: 4/6
   173 | D:3      | Found a glowing drain.
   260 | D:3      | Reached skill level 1 in Stealth
   260 | D:3      | Reached XP level 3. HP: 5/18 MP: 5/7
   264 | Sewer    | Entered a sewer
   764 | Sewer    | Learned a level 3 spell: Mephitic Cloud
   867 | Sewer    | Reached skill level 1 in Armour
  1129 | Sewer    | Gained mutation: Your natural rate of healing is unusually
                  | fast. [Vine Stalker growth]
  1129 | Sewer    | Reached XP level 4. HP: 17/23 MP: 8/8
  1159 | Sewer    | HP: 1/23 [river rat (4)]
  1401 | Sewer    | Slain by a river rat

Vault maps used:
D:1:      ncdulo_halloftheorcs, nemelex_diamond_rough_becter
D:2:      brannock_xom_greatest_gift, lemuel_crystal_altar, lemuel_round_altar
D:3:      grunt_temple_overflow_open, cheibrodos_sewer_entry_sluice,
          nicolae_ru_awakened_eye
Sewer:    sewer_minmay_treatment

Skill      XL: |  1  2  3 |
---------------+----------+-----
Short Blades   | 2 |  2.2
Fighting       | 2 |  2.1
Stealth        | 1 |  1.6
Dodging        | 2 |  2.1
Armour         | 1 |  1.1
Spellcasting   | |  2.5
Conjurations   | |  0.4
Charms         | |  3.1
Air Magic      | |  0.4
Poison Magic   | |  0.2

Action                   |  1- 3 |  4- 6 || total
-------------------------+-------+-------++-------
Melee: Short sword       |   144 |    60 ||   204
       Bite              |    28 |    12 ||    40
 Fire: Blowgun           |       |     2 ||     2
  Use: Scroll            |     2 |     2 ||     4
       Potion            |       |     1 ||     1
 Stab: Sleeping          |     1 |       ||     1
  Eat: Chunk             |     1 |     1 ||     2
Armor: Leather armour    |    36 |    19 ||    55
Dodge: Dodged            |   104 |    56 ||   160

Table legend:
 A = Non-vault XP
 B = Vault XP
 C = Vault XP percentage of total XP
 D = Non-vault monster count
 E = Vault monster count
 F = Vault count percentage of total count
                 A         B        C        D         E       F
            +---------+---------+-------+---------+---------+-------
      Total |      30 |      86 |  74.1 |      17 |      41 |  70.7
            +---------+---------+-------+---------+---------+-------
        D:1 |      11 |       0 |   0.0 |       7 |       0 |   0.0
        D:2 |      17 |       1 |   5.6 |       9 |       1 |  10.0
        D:3 |       2 |       7 |  77.8 |       1 |       2 |  66.7
      Sewer |       0 |      78 | 100.0 |       0 |      38 | 100.0
            +---------+---------+-------+---------+---------+-------
